PUBAA
TERRY'S BATS @ BEAUMONT ROUGHNECKS
06/02/1972
 
TOP OF THE 1ST
Terry's Bats batting - Pitching for Beaumont Roughnecks : RHP Bob Sadowski
Pitching: RHP Bob Sadowski
Batting: LHB Jim Davis 0-0: Ball
1-0: Called Strike
1-1: Ball
2-1: Ball
3-1: Foul Ball, location: 25F
3-2: Base on Balls
Batting: RHB Rich Severson 0-0: Bunted foul
0-1: Bunt missed!
0-2: Foul Ball, location: 2F
0-2: Ball
1-2: Ball
2-2: Grounds into double play, 6-4-3 (Groundball, 6MD, EV 99.4 MPH)
Batting: LHB Sancho Deleón 0-0: Foul Ball, location: 2F
0-1: Swinging Strike
0-2: Ground out U3 (Groundball, 3, EV 86.9 MPH)
Top of the 1st over - 0 runs, 0 hits, 0 errors, 0 left on base; Terry's 0 - Beaumont 0
BOTTOM OF THE 1ST
Beaumont Roughnecks batting - Pitching for Terry's Bats : LHP Britt Albert
Pitching: LHP Britt Albert
Batting: RHB Errol Martin 0-0: Ball
1-0: Called Strike
1-1: Ground out 3-1 (Groundball, 34S, EV 89.4 MPH)
Batting: LHB Frank Hudson 0-0: Called Strike
0-1: Ball
1-1: Foul Ball, location: 23F
1-2: Ball
2-2: DOUBLE (Flyball, 8LD, EV 110.0 MPH)
Batting: RHB Chris Roy 0-0: Ball
1-0: Foul Ball, location: 2F
1-1: Ball
2-1: Foul Ball, location: 2F
2-2: Ball
3-2: Foul Ball, location: 9LSF
3-2: Ground out 5-3 (Groundball, 56, EV 86.3 MPH)
Batting: RHB Keith Campbell 0-0: Ball
1-0: Fly out, F6 (Popup, P, EV 89.4 MPH)
Bottom of the 1st over - 0 runs, 1 hit, 0 errors, 1 left on base; Terry's 0 - Beaumont 0
TOP OF THE 2ND
Terry's Bats batting - Pitching for Beaumont Roughnecks : RHP Bob Sadowski
Batting: RHB William Williams 0-0: Called Strike
0-1: Fly out, F5 (Popup, 56S, EV 74.4 MPH)
Batting: LHB Sabeeh Abdul-Nasir 0-0: Ball
1-0: Foul Ball, location: 3SF
1-1: Swinging Strike
1-2: Foul Ball, location: 23F
1-2: Fly out, F9 (Line Drive, 9S, EV 94.4 MPH)
Batting: RHB Jon Compton 0-0: Ball
1-0: Ball
2-0: Ground out 6-3 (Groundball, 6, EV 103.1 MPH)
Top of the 2nd over - 0 runs, 0 hits, 0 errors, 0 left on base; Terry's 0 - Beaumont 0
BOTTOM OF THE 2ND
Beaumont Roughnecks batting - Pitching for Terry's Bats : LHP Britt Albert
Batting: RHB Kratukarana Murugappa 0-0: Foul Ball, location: 2F
0-1: Swinging Strike
0-2: Strikes out swinging
Batting: SHB Mark Jewell 0-0: Ball
1-0: Ball
2-0: Ball
3-0: Called Strike
3-1: Base on Balls
Batting: RHB Derek Henderson 0-0: Called Strike
Mark Jewell is caught stealing 2nd base 2-4
0-1: Ball
1-1: Called Strike
1-2: Foul Ball, location: 2F
1-2: Ball
2-2: Foul Ball, location: 9LSF
2-2: Strikes out swinging
Bottom of the 2nd over - 0 runs, 0 hits, 0 errors, 0 left on base; Terry's 0 - Beaumont 0
TOP OF THE 3RD
Terry's Bats batting - Pitching for Beaumont Roughnecks : RHP Bob Sadowski
Batting: RHB Alex Hastings 0-0: Called Strike
0-1: Ball
1-1: SINGLE (Line Drive, 34, EV 94.4 MPH)
Batting: SHB Darrel Chaney 0-0: Called Strike
0-1: Called Strike
Alex Hastings steals 2nd base
0-2: Strikes out swinging
Batting: RHB Ron Cey 0-0: Swinging Strike
0-1: Foul Ball, location: 2F
0-2: Fly out, F3 (Popup, 34, EV 70.6 MPH)
Batting: LHB Jim Davis 0-0: Ball
1-0: Ball
2-0: Ground out U3 (Groundball, 34, EV 87.5 MPH)
Top of the 3rd over - 0 runs, 1 hit, 0 errors, 1 left on base; Terry's 0 - Beaumont 0
BOTTOM OF THE 3RD
Beaumont Roughnecks batting - Pitching for Terry's Bats : LHP Britt Albert
Batting: RHB Millard Taylor 0-0: Ball
1-0: Foul Ball, location: 2F
1-1: Ball
2-1: Ball
3-1: Base on Balls
Batting: SHB Soo-yeon Kim 0-0: Fly out, F8 (Flyball, 8RD, EV 90.6 MPH)
Batting: RHB Errol Martin 0-0: Foul Ball, location: 5FF
0-1: Foul Ball, location: 25F
0-2: Ball
1-2: Fly out, F2 (Popup, 2RF, EV 89.4 MPH)
Batting: LHB Frank Hudson 0-0: Ball
1-0: SINGLE (Line Drive, 7LS, EV 100.6 MPH)
Millard Taylor to second
Batting: RHB Chris Roy 0-0: Ball
1-0: 3-RUN HOME RUN (Line Drive, 8RXD, EV 106.3 MPH), Distance : 446 ft
Batting: RHB Keith Campbell 0-0: Fly out, F8 (Flyball, 89M, EV 93.1 MPH)
Bottom of the 3rd over - 3 runs, 2 hits, 0 errors, 0 left on base; Terry's 0 - Beaumont 3
TOP OF THE 4TH
Terry's Bats batting - Pitching for Beaumont Roughnecks : RHP Bob Sadowski
Batting: RHB Rich Severson 0-0: Called Strike
0-1: Ball
1-1: Fly out, F8 (Flyball, 8RD, EV 81.9 MPH)
Batting: LHB Sancho Deleón 0-0: Ball
1-0: Swinging Strike
1-1: Ball
2-1: Ball
3-1: DOUBLE (Flyball, 8RXD, EV 91.3 MPH)
Batting: RHB William Williams 0-0: Called Strike
0-1: Called Strike
0-2: Strikes out swinging
Batting: LHB Sabeeh Abdul-Nasir 0-0: Ball
1-0: Called Strike
1-1: Foul Ball, location: 7LDF
1-2: Foul Ball, location: 5F
1-2: Foul Ball, location: 23F
1-2: Ball
2-2: Ground out 4-3 (Groundball, 4, EV 98.1 MPH)
Top of the 4th over - 0 runs, 1 hit, 0 errors, 1 left on base; Terry's 0 - Beaumont 3
BOTTOM OF THE 4TH
Beaumont Roughnecks batting - Pitching for Terry's Bats : LHP Britt Albert
Batting: RHB Kratukarana Murugappa 0-0: Ball
1-0: Fly out, F7 (Flyball, 7LM, EV 107.5 MPH)
Batting: SHB Mark Jewell 0-0: Swinging Strike
0-1: Foul Ball, location: 2F
0-2: Foul Ball, location: 2LF
0-2: Foul Ball, location: 9LMF
0-2: Ball
1-2: Ball
2-2: Foul Ball, location: 9LSF
2-2: Ball
3-2: Foul Ball, location: 2F
3-2: DOUBLE (Groundball, 5L, EV 106.9 MPH)
Batting: RHB Derek Henderson 0-0: Ball
1-0: Ball
2-0: Called Strike
2-1: Called Strike
2-2: Foul Ball, location: 2F
2-2: Ball
3-2: Base on Balls
Batting: RHB Millard Taylor 0-0: Called Strike
0-1: Called Strike
0-2: Hit by Pitch
Mark Jewell to third
Derek Henderson to second
Batting: SHB Soo-yeon Kim 0-0: Ball
1-0: Fly out, F4 (Line Drive, 4M, EV 70.6 MPH)
Batting: RHB Errol Martin 0-0: Ball
1-0: Foul Ball, location: 2F
1-1: Called Strike
1-2: Ball
2-2: Fly out, F4 (Popup, 34, EV 79.4 MPH)
Bottom of the 4th over - 0 runs, 1 hit, 0 errors, 3 left on base; Terry's 0 - Beaumont 3
TOP OF THE 5TH
Terry's Bats batting - Pitching for Beaumont Roughnecks : RHP Bob Sadowski
Batting: RHB Jon Compton 0-0: Ball
1-0: Ball
2-0: Called Strike
2-1: Foul Ball, location: 2F
2-2: Strikes out swinging, 2-3 out at first.
Batting: RHB Alex Hastings 0-0: Ball
1-0: Ball
2-0: Ball
3-0: Called Strike
3-1: SINGLE (Groundball, 6M, EV 108.1 MPH) (infield hit)
Batting: SHB Darrel Chaney 0-0: Ball
Alex Hastings steals 2nd base
1-0: Ball
2-0: Ground out U3 (Groundball, 3, EV 100.6 MPH)
Alex Hastings to third
Batting: RHB Ron Cey 0-0: Ball
1-0: Swinging Strike
1-1: Foul Ball, location: 2F
1-2: Strikes out swinging
Top of the 5th over - 0 runs, 1 hit, 0 errors, 1 left on base; Terry's 0 - Beaumont 3
BOTTOM OF THE 5TH
Beaumont Roughnecks batting - Pitching for Terry's Bats : LHP Britt Albert
Batting: LHB Frank Hudson 0-0: Ball
1-0: SINGLE (Line Drive, 78M, EV 83.1 MPH)
Batting: RHB Chris Roy 0-0: Ball
1-0: Ball
Frank Hudson is caught stealing 2nd base 2-4
2-0: SINGLE (Line Drive, 7S, EV 96.9 MPH)
Batting: RHB Keith Campbell 0-0: Called Strike
0-1: Ball
1-1: Ball
2-1: Ball
3-1: Fly out, F5 (Line Drive, 5L, EV 71.3 MPH)
Batting: RHB Kratukarana Murugappa 0-0: Fly out, F9 (Flyball, 89M, EV 91.3 MPH)
Bottom of the 5th over - 0 runs, 2 hits, 0 errors, 1 left on base; Terry's 0 - Beaumont 3
TOP OF THE 6TH
Terry's Bats batting - Pitching for Beaumont Roughnecks : RHP Bob Sadowski
Batting: LHB Jim Davis 0-0: Foul Ball, location: 2F
0-1: Ball
1-1: Swinging Strike
1-2: Ball
2-2: Foul Ball, location: 2F
2-2: Ball
3-2: Base on Balls
Batting: RHB Rich Severson 0-0: Ball
Jim Davis steals 2nd base
1-0: Ground out 6-3 (Groundball, 6M, EV 103.8 MPH)
Jim Davis to third
Batting: LHB Sancho Deleón 0-0: Foul Ball, location: 9LMF
0-1: Fly out, F8 (Flyball, 8LXD, EV 101.3 MPH)
Runner from 3rd tags up, SCORES, no throw by CF
Batting: RHB William Williams 0-0: SINGLE (Line Drive, 8RS, EV 90.0 MPH)
Batting: LHB Sabeeh Abdul-Nasir 0-0: Ball
1-0: Ball
2-0: Fly out, F3 (Line Drive, 3, EV 66.3 MPH)
Top of the 6th over - 1 run, 1 hit, 0 errors, 1 left on base; Terry's 1 - Beaumont 3
BOTTOM OF THE 6TH
Beaumont Roughnecks batting - Pitching for Terry's Bats : LHP Britt Albert
Batting: SHB Mark Jewell 0-0: Ball
1-0: Ball
2-0: Swinging Strike
2-1: Ball
3-1: Base on Balls
Batting: RHB Derek Henderson 0-0: Ball
1-0: Fly out, F5 (Popup, 25F, EV 81.9 MPH)
Batting: RHB Millard Taylor 0-0: Ball
1-0: Foul Ball, location: 2F
1-1: Fly out, F7 (Line Drive, 7D, EV 93.8 MPH)
Batting: SHB Soo-yeon Kim 0-0: Ball
1-0: Called Strike
Mark Jewell steals 2nd base
1-1: Swinging Strike
1-2: Ball
2-2: Foul Ball, location: 7LSF
2-2: Strikes out looking
Bottom of the 6th over - 0 runs, 0 hits, 0 errors, 1 left on base; Terry's 1 - Beaumont 3
TOP OF THE 7TH
Terry's Bats batting - Pitching for Beaumont Roughnecks : RHP Bob Sadowski
Batting: RHB Jon Compton 0-0: Swinging Strike
0-1: Called Strike
0-2: Ball
1-2: Fly out, F9 (Flyball, 89S, EV 91.3 MPH)
Batting: RHB Alex Hastings 0-0: Ball
1-0: Foul Ball, location: 3F
1-1: Foul Ball, location: 9LMF
1-2: SINGLE (Line Drive, 6D, EV 101.3 MPH)
Batting: SHB Darrel Chaney 0-0: SINGLE (Line Drive, 4D, EV 98.8 MPH)
Alex Hastings to second
Pinch Hitting: RHB Masujiro Makino 0-0: Called Strike
0-1: Ground out 6-3 (Groundball, 6S, EV 65.6 MPH)
Alex Hastings to third
Darrel Chaney to second
Pitching: RHP Tony Allen
Batting: LHB Jim Davis 0-0: Ball
1-0: Ground out 4-3 (Groundball, 4S, EV 69.4 MPH)
Top of the 7th over - 0 runs, 2 hits, 0 errors, 2 left on base; Terry's 1 - Beaumont 3
BOTTOM OF THE 7TH
Beaumont Roughnecks batting - Pitching for Terry's Bats : LHP Britt Albert
Now at 3B: Joe Moock
Batting: RHB Errol Martin 0-0: DOUBLE (Groundball, 5L, EV 106.9 MPH)
Batting: LHB Frank Hudson 0-0: Swinging Strike
0-1: Foul Ball, location: 2F
0-2: Ball
1-2: Ball
2-2: Foul Ball, location: 5F
2-2: Strikes out swinging
Batting: RHB Chris Roy 0-0: Ball
1-0: Called Strike
1-1: Foul Ball, location: 2F
1-2: Ball
2-2: Ball
3-2: Base on Balls
Batting: RHB Keith Campbell 0-0: Ball
1-0: Foul Ball, location: 2F
1-1: Ball
2-1: Foul Ball, location: 9LSF
2-2: Ball
3-2: Base on Balls
Errol Martin to third
Chris Roy to second
Batting: RHB Kratukarana Murugappa 0-0: Reaches on Catchers interference
Errol Martin scores
Chris Roy to third
Keith Campbell to second
Batting: SHB Mark Jewell 0-0: Swinging Strike
0-1: Ball
1-1: Foul Ball, location: 2F
1-2: Ball
2-2: Strikes out swinging
Batting: RHB Derek Henderson 0-0: Called Strike
0-1: Ball
1-1: Fly out, F9 (Flyball, 9D, EV 99.4 MPH)
Bottom of the 7th over - 1 run, 1 hit, 1 error, 3 left on base; Terry's 1 - Beaumont 4
TOP OF THE 8TH
Terry's Bats batting - Pitching for Beaumont Roughnecks : RHP Tony Allen
Batting: RHB Rich Severson 0-0: Ground out 5-3 (Groundball, 56S, EV 82.5 MPH)
Batting: LHB Sancho Deleón 0-0: Swinging Strike
0-1: Ball
1-1: Called Strike
1-2: Strikes out looking
Batting: RHB William Williams 0-0: Ball
1-0: Ball
2-0: Called Strike
2-1: Swinging Strike
2-2: Ball
3-2: Strikes out swinging
Top of the 8th over - 0 runs, 0 hits, 0 errors, 0 left on base; Terry's 1 - Beaumont 4
BOTTOM OF THE 8TH
Beaumont Roughnecks batting - Pitching for Terry's Bats : LHP Britt Albert
Batting: RHB Millard Taylor 0-0: Foul Ball, location: 3F
0-1: Ball
1-1: Ball
2-1: Swinging Strike
2-2: Ball
3-2: Foul Ball, location: 9LDF
3-2: Foul Ball, location: 2F
3-2: Ground out 6-3 (Groundball, 56, EV 102.5 MPH)
Batting: SHB Soo-yeon Kim 0-0: Ground out 6-3 (Groundball, 6, EV 83.1 MPH)
Batting: RHB Errol Martin 0-0: Foul Ball, location: 9LMF
0-1: Ball
1-1: Ball
2-1: Ball
3-1: Base on Balls
Pitching: LHP Gary Jones
Batting: LHB Frank Hudson 0-0: DOUBLE (Flyball, 8RXD, EV 98.1 MPH)
Errol Martin to third
Batting: RHB Chris Roy 0-0: Ball
1-0: Ball
2-0: DOUBLE (Flyball, 8RXD, EV 109.4 MPH)
Errol Martin scores
Frank Hudson scores
Batting: RHB Keith Campbell 0-0: Ball
1-0: Foul Ball, location: 2F
1-1: Ball
2-1: Fly out, F6 (Popup, 6D, EV 51.3 MPH)
Bottom of the 8th over - 2 runs, 2 hits, 0 errors, 1 left on base; Terry's 1 - Beaumont 6
TOP OF THE 9TH
Terry's Bats batting - Pitching for Beaumont Roughnecks : RHP Tony Allen
Batting: LHB Sabeeh Abdul-Nasir 0-0: SINGLE (Groundball, 34D, EV 101.9 MPH)
Batting: RHB Jon Compton 0-0: Foul Ball, location: 5F
0-1: Ball
1-1: Foul Ball, location: 2F
1-2: Foul Ball, location: 25F
1-2: Ball
2-2: Ball
3-2: Foul Ball, location: 2F
3-2: Strikes out looking
Batting: RHB Alex Hastings 0-0: Ball
1-0: Called Strike
1-1: Ball
2-1: Ball
3-1: Foul Ball, location: 2F
3-2: SINGLE (Line Drive, 7S, EV 99.4 MPH)
Sabeeh Abdul-Nasir to second
Batting: SHB Darrel Chaney 0-0: Called Strike
0-1: Ball
1-1: Ball
2-1: Ball
3-1: Foul Ball, location: 3F
3-2: Foul Ball, location: 2F
3-2: Strikes out swinging
Pinch Hitting: RHB Ricardo Trujillo 0-0: Ball
1-0: Swinging Strike
1-1: Ball
2-1: Ball
3-1: Base on Balls
Sabeeh Abdul-Nasir to third
Alex Hastings to second
Batting: LHB Jim Davis 0-0: Ball
1-0: Foul Ball, location: 7LMF
1-1: Fly out, F8 (Flyball, 8LS, EV 81.3 MPH)
Top of the 9th over - 0 runs, 2 hits, 0 errors, 3 left on base; Terry's 1 - Beaumont 6
Friday, March 22nd , 2024 - OOTP Baseball 24.8 Build 75